 Dungeon Crawl Stone Soup version 0.27.1-33-g824d729ab1 (webtiles) character file.

Game seed: 18010347528332482935

575 zeram the Magician (level 7, -5/46 HPs)
             Began as a Mummy Necromancer on Dec 5, 2021.
             Was an Initiate of Gozag.
             Killed from afar by a steam dragon (28 damage)
             ... with a ball of steam
             ... on level 6 of the Dungeon.
             The game lasted 00:14:13 (7379 turns).

zeram the Magician (Mummy Necromancer)              Turns: 7379, Time: 00:14:14

Health: -5/46      AC:  6    Str: 11    XL:     7   Next: 12%
Magic:  26/26      EV: 12    Int: 17    God:    Gozag
Gold:   436        SH:  0    Dex: 12    Spells: 8/20 levels left

rFire    x . .     SeeInvis .   b - +1 dagger (drain)
rCold    + . .     Faith    .   (no shield)
rNeg     + + +     Spirit   .   a - +0 robe
rPois    ∞         Reflect  .   i - +0 helmet
rElec    .         Harm     .   g - +2 cloak
rCorr    .         Rampage  .   (no gloves)
Will     .....                  (no boots)
Stlth    ++........             (no amulet)
HPRegen  0.15/turn              h - ring of magical power
MPRegen  0.20/turn              (no ring)

@: gold aura
A: cold resistance 1, negative energy resistance 3, torment resistance 2, heat
vulnerability 1, no potions
a: Renounce Religion, Potion Petition, Call Merchant, Bribe Branch


You were on level 6 of the Dungeon.
You worshipped Gozag.
Gozag was aware of your devotion.
You visited 2 branches of the dungeon, and saw 7 of its levels.

You collected 488 gold pieces.
You paid 52 gold pieces to Gozag.

Inventory:

Hand Weapons
 b - a +1 dagger of draining (weapon)
Missiles
 c - 129 stones (quivered)
 d - a throwing net
Armour
 a - a +0 robe (worn)
 g - a +2 cloak (worn)
 i - a +0 helmet (worn)
Jewellery
 h - a ring of magical power (left hand)
Scrolls
 e - a scroll of enchant weapon
 j - 2 scrolls of identify


   Skills:
 + Level 2.1 Dodging
 - Level 1.5 Stealth
 + Level 7.0 Spellcasting
 - Level 6.4 Necromancy


You had 8 spell levels left.
You knew the following spells:

 Your Spells              Type           Power      Damage    Failure   Level
a - Pain                  Necr           100%       1d9       1%          1
b - Vampiric Draining     Necr           13%        2d7       2%          3
c - Animate Dead          Necr           13%        N/A       9%          4
d - Summon Ice Beast      Ice/Summ       5%         N/A       75%         4

Your spell library contained the following spells:

 Spells                   Type           Power      Damage    Failure   Level
 Animate Skeleton         Necr           54%        N/A       1%          1
 Foxfire                  Conj/Fire      20%        2x1d5     12%         1
 Sandblast                Erth           10%        2d5       12%         1
 Summon Small Mammal      Summ           20%        N/A       12%         1
 Passwall                 Tmut/Erth      4%         N/A       17%         2
 Agony                    Necr           27%        N/A       22%         5
 Excruciating Wounds      Necr           13%        N/A       22%         5
 Call Canine Familiar     Summ           5%         N/A       34%         3
 Conjure Flame            Conj/Fire      5%         6-21      34%         3
 Inner Flame              Hex/Fire       5%         N/A       34%         3
 Summon Guardian Golem    Hex/Summ       5%         N/A       34%         3
 Lee's Rapid Deconstruct  Erth           2%         3d6*      97%         5
 Summon Mana Viper        Hex/Summ       5%         N/A       97%         5
 Monstrous Menagerie      Summ           2%         N/A       100%        7


Dungeon Overview and Level Annotations

Branches:
Dungeon (6/15)             Temple (1/1) D:4

Altars:
Ashenzari
Cheibriados
Dithmenos
Elyvilon
Fedhas
Gozag
Hepliaklqana
Kikubaaqudgha
Makhleb
Nemelex Xobeh
Okawaru
Qazlal
Ru
Sif Muna
Trog
Uskayaw
Vehumet
Wu Jian
Xom
Yredelemnul
Zin
The Shining One

Shops:
D:4 (   D:5 !


Innate Abilities, Weirdness & Mutations

You are immune to poison.
Your flesh is cold resistant. (rC+)
You are immune to negative energy. (rN+++)
You are immune to unholy pain and torment.
You are vulnerable to heat. (rF-)
You do not drink.


Message History

The centaur skeleton is severely damaged.
The centaur skeleton hits you but does no damage.
The centaur skeleton misses you.
You hit the centaur skeleton.
The centaur skeleton is almost destroyed.
The centaur skeleton hits you but does no damage.
The centaur skeleton kicks you but does no damage.
The centaur skeleton hits you. The centaur skeleton misses you.
You hit the centaur skeleton but do no damage.
The centaur skeleton is almost destroyed.
The centaur skeleton hits you but does no damage.
The centaur skeleton kicks you but does no damage.
You hit the centaur skeleton.
The centaur skeleton is almost destroyed.
The centaur skeleton barely misses you.
The centaur skeleton kicks you but does no damage.
You hit the centaur skeleton.
You destroy the centaur skeleton!
Your Spellcasting skill increases to level 7!
You now have 436 gold pieces (gained 8).
A steam dragon comes into view.
The steam dragon hisses angrily.
Casting: Pain (safe; 1% risk of failure)
Confirm with . or Enter, or press ? or * to list all spells.
You can't see any susceptible monsters within range! (Use Z to cast anyway.) Unknown command.
Casting: Pain (safe; 1% risk of failure)
Confirm with . or Enter, or press ? or * to list all spells.
You can't see any susceptible monsters within range! (Use Z to cast anyway.) Unknown command.
The steam dragon breathes steam at you. The ball of steam hits you!!
The steam scalds you terribly!
Casting: Pain (safe; 1% risk of failure)
Confirm with . or Enter, or press ? or * to list all spells.
You can't see any susceptible monsters within range! (Use Z to cast anyway.)
The steam dragon breathes steam at you. The ball of steam hits you!!
The steam scalds you terribly!
Ouch! That really hurt!
You die...
Your body crumbles into a pile of gold.

.... #..# # ##D.####.#
#........# ####.......##
#..§§......#
#..§§......#
######.§..........
#......@........##
.#######........#....#.#
.......'........#......#
########........#......#
#<........#.#..)...#
###########.#......# #.#
...# ..


There were no monsters in sight!

Vanquished Creatures
  A water moccasin skeleton (D:5)
  A bullfrog zombie (D:5)
  4 hounds
  An orc priest (D:5)
  A centaur skeleton (D:6)
  7 orc wizards
  Robin (D:4)
  4 adders
  An adder skeleton (D:4)
  5 dart slugs
  3 worms
  7 orcs
  5 ball pythons
  8 endoplasms
  A giant cockroach (D:1)
  12 goblins
  7 hobgoblins
  3 quokkas
  5 bats
  5 frilled lizards
  9 kobolds
  5 rats
96 creatures vanquished.

Vanquished Creatures (collateral kills)
  A rat (D:2)
1 creature vanquished.

Grand Total: 97 creatures vanquished

Notes
Turn   | Place    | Note
-------+----------+-------------------------------------------
     0 | D:1      | zeram the Mummy Necromancer began the quest for the Orb.
     0 | D:1      | Reached XP level 1. HP: 13/13 MP: 4/4
   522 | D:1      | Reached XP level 2. HP: 19/19 MP: 3/5
   561 | D:1      | Reached skill level 3 in Spellcasting
  1052 | D:2      | Reached XP level 3. HP: 24/24 MP: 4/7
  1056 | D:2      | Learned a level 3 spell: Vampiric Draining
  2501 | D:3      | Reached skill level 4 in Spellcasting
  2882 | D:3      | Reached XP level 4. HP: 28/30 MP: 3/10
  2954 | D:3      | Reached skill level 5 in Necromancy
  3018 | D:3      | Found a faded altar of an unknown god.
  3054 | D:3      | Learned a level 4 spell: Animate Dead
  3506 | D:4      | Found a staircase to the Ecumenical Temple.
  3591 | Temple   | Entered the Ecumenical Temple
  3901 | Temple   | Became a worshipper of Gozag Ym Sagoz the Greedy
  4121 | D:4      | Reached skill level 5 in Spellcasting
  4121 | D:4      | Reached XP level 5. HP: 35/35 MP: 4/12
  4741 | D:4      | Noticed Robin
  4792 | D:4      | Found Viggusor's Weapon Boutique.
  4841 | D:4      | Killed Robin
  5054 | D:4      | Reached skill level 6 in Spellcasting
  5054 | D:4      | Reached XP level 6. HP: 27/41 MP: 15/15
  5495 | D:5      | Entered Level 5 of the Dungeon
  5549 | D:5      | Found Fuliwkia's Distillery.
  6855 | D:5      | Reached XP level 7. HP: 44/46 MP: 17/17
  7315 | D:5      | Learned a level 4 spell: Summon Ice Beast
  7371 | D:6      | Reached skill level 7 in Spellcasting
  7373 | D:6      | Noticed a steam dragon
  7379 | D:6      | Killed from afar by a steam dragon

Illustrated notes

Levels and vault maps discovered:
D:1:      dpeg_arrival_rhombus, layout_loops_ring, minmay_misc_feat_tiny
D:2:      layout_basic
D:3:      layout_loops_cross, hellmonk_ecumenical_altar_slurped_away
D:4:      layout_gridville, overflow_temple_1_default,
          minmay_temple_entry_junction_2, serial_shops, shop, uniq_robin
D:5:      layout_basic, nicolae_stop_n_shop_1
D:6:      minmay_skewed_foursquare, layout_basic, uniq_crazy_yiuf_cottage,
          uniq_prince_ribbit1
Temple:   regret_index_temple_sigil_plot

Skill      XL: |  1  2  3  4  5  6  7 |
---------------+----------------------+-----
Spellcasting   | 3 4 5 6 7 |  7.0
Necromancy     | 5 6 |  6.4
Dodging        | 2 |  2.1
Stealth        | |  1.5

Action                   |  1- 3 |  4- 6 |  7- 9 || total
-------------------------+-------+-------+-------++-------
Melee: Unarmed           |     1 |       |       ||     1
       Dagger            |    34 |    98 |    10 ||   142
 Cast: Pain              |    85 |    70 |     8 ||   163
       Vampiric Draining |       |    17 |       ||    17
  Use: Scroll            |     4 |     2 |       ||     6
 Stab: Sleeping          |     3 |     1 |     1 ||     5
Armor: Robe              |    11 |    34 |    13 ||    58
Dodge: Dodged            |    36 |    75 |    15 ||   126
